 Dungeon Sprint DCSS version 0.32-a0-411-g744942f433 (webtiles) character file.

Game seed: 17057799878601211016

4745 shadowstone the Cleaver (level 10, -16/89 HPs)
             Began as a Coglin Chaos Knight on Feb 21, 2024.
             Was a Plaything of Xom.
             Killed from afar by Daejau the pandemonium lord (32 damage)
             ... with a lance of force
             ... in the Dungeon (Sprint V: "Ziggurat Sprint").
             The game lasted 00:03:38 (285 turns).

shadowstone the Cleaver (Coglin Chaos Knight)        Turns: 285, Time: 00:03:39

Health: -16/89     AC: 31    Str: 22    XL:     10   Next: 46%
Magic:  10/10      EV:  2    Int: 14    God:    Xom [....*.]
Gold:   0          SH: 29    Dex: 20    Spells: 9/9 levels left

rFire   . . .        C - +16 obsidian axe {drain, demonic, Mesm ^Drain Fly SInv}
rCold   . . .        E - +18 shield of the Gong {Loud rN+ Will+ rCorr EV-5}
rNeg    + . .        D - +15 Maxwell's patent armour {-Cast -Tele rElec Will+ rCorr}
rPois   .            H - +3 crown of Dyrovepreva {rElec Int+2 SInv}
rElec   +            (no cloak)
rCorr   +            (no gloves)
SInv    +            (no boots)
Will    ++...        (no amulet)
Stlth   x              - +6 ring of dexterity
HPRegen 0.34/turn    A - +6 ring of strength
MPRegen 0.12/turn

%: no teleportation, no spellcasting
@: spiked, immotile, flying, mesmerised, studying Conjurations, revved
A: off-hand wielding, slow wielding, warmup strikes, legs shutdown
a: Renounce Religion


You were in the Dungeon.
You worshipped Xom.
You were a beloved toy of Xom.
You visited 1 branch

Inventory:

Hand Weapons
 C - the +16 obsidian axe (weapon) {drain, demonic, Mesm ^Drain Fly SInv}
   (You found it in the Dungeon)

   Mesm:      Its wielder is mesmerised by any visible foes, and it cannot be
   unequipped while any foes are visible.
   SInv:      It lets you see invisible.
   Fly:       It grants you flight.
   ^Drain:    It drains your maximum health when unequipped.
Armour
 b - a +2 leather armour
 D - the +15 Maxwell's patent armour (worn) {-Cast -Tele rElec Will+ rCorr}
   (You found it in the Dungeon)

   rElec:     It insulates you from electricity.
   Will+:     It increases your willpower.
   -Cast:     It prevents spellcasting.
   -Tele:     It prevents most forms of teleportation.
   rCorr:     It protects you from acid and corrosion.
 E - the +18 shield of the Gong (worn) {Loud rN+ Will+ rCorr EV-5}
   (You found it in the Dungeon)

   Loud:      It is deafeningly noisy when blocking attacks.
   EV-5:      It affects your evasion (-5).
   rN+:       It protects you from negative energy.
   Will+:     It increases your willpower.
   rCorr:     It protects you from acid and corrosion.
 H - the +3 crown of Dyrovepreva (worn) {rElec Int+2 SInv}
   (You found it in the Dungeon)

   Int+2:     It affects your intelligence (+2).
   rElec:     It insulates you from electricity.
   SInv:      It lets you see invisible.
Jewellery
 v - a ring of flight
 w - a +6 ring of dexterity
 x - a +6 ring of dexterity (left grasper)
 y - a +6 ring of intelligence
 z - a +6 ring of intelligence
 A - a +6 ring of strength (right grasper)
 B - a +6 ring of strength
 J - a ring of positive energy
Wands
 a - a wand of paralysis (5)
 s - a wand of mindburst (12)
 t - a wand of iceblast (7)
 u - a wand of light (14)
 F - a wand of polymorph (4)
 G - a wand of flame (18)
Scrolls
 c - a scroll of butterflies
 i - 4 scrolls of blinking
 j - 4 scrolls of amnesia
 k - 7 scrolls of fog
 l - 5 scrolls of identify
 m - 2 scrolls of fear
 I - 4 scrolls of enchant armour
Potions
 d - 10 potions of curing
 e - 10 potions of heal wounds
 f - 6 potions of haste
 g - 7 potions of magic
 h - 3 potions of berserk rage
 n - 2 potions of brilliance
 o - 2 potions of invisibility
 p - 4 potions of resistance
 q - a potion of experience
 r - 5 potions of might


   Skills:
 + Level 12.2 Fighting
 + Level 11.1 Long Blades
 + Level 14.9 Axes
 + Level 6.6 Armour
 + Level 2.5 Dodging
 + Level 2.2 Stealth
 + Level 5.9 Shields


You had 9 spell levels left.
You didn't know any spells.
Your spell library contained the following spells:

 Spells                   Type           Power      Damage    Failure   Level
 Inner Flame              Hex/Fire       0%         N/A       100%        3
 Brom's Barrelling Bould  Conj/Erth      0%         2d3       100%        4
 Flame Wave               Conj/Fire      0%         2d4       100%        4
 Sticky Flame             Fire/Alch      0%         2d4       100%        4
 Borgnjor's Vile Clutch   Necr/Erth      0%         N/A       100%        5
 Lee's Rapid Deconstruct  Erth           0%         3d4*      100%        5


Dungeon Overview and Level Annotations

Branches:
Dungeon (1/1)

Altars:
Ashenzari
Cheibriados
Dithmenos
Elyvilon
Fedhas
Gozag
Hepliaklqana
Kikubaaqudgha
Makhleb
Nemelex Xobeh
Okawaru
Qazlal
Ru
Sif Muna
Trog
Uskayaw
Vehumet
Wu Jian
Xom
Yredelemnul
Zin
The Shining One
Beogh
Jiyva
Lugonu

Annotations:
D 1 transporter


Innate Abilities, Weirdness & Mutations

You can wield a second weapon in your off-hand.
It takes a long time for you to wield or remove held weapons.
Your first few attacks do less damage.
Attacking and casting redirects power from your legs.


Message History

* * * LOW HITPOINT WARNING * * *
The ynoxinul hits you but does no damage.
Daejau hits you but does no damage.
The red devil hits you but does no damage.
You miss Daejau.
Daejau is lightly wounded.
You slice the smoke demon!! You open a gate to Pandemonium!
A demon appears!
You kill the smoke demon!
The smoke demon disappears in a puff of smoke!
You barely miss the soul eater. You slash the ynoxinul!
You break out of your daze!
You kill the ynoxinul!
The ynoxinul disappears in a puff of smoke!
Visions of slaying Daejau flood into your mind.
Daejau gestures.
The bolt of lightning hits your ice devil!!
The fiery plasma hits your ice devil!!!
Your ice devil is burned terribly!
Your ice devil dies!
Your ice devil disappears in a puff of smoke!
The soul eater hits you but does no damage.
You block the red devil's attack.
GONNNNG!
You closely miss Daejau.
Daejau is lightly wounded.
You slash the soul eater! You closely miss the white imp.
Visions of slaying the white imp flood into your mind.
You block Daejau's attack.
PTOANNNG!
You block the soul eater's attack.
GONNNNG!
You block the white imp's attack.
GONNNNG!
The red devil hits you from afar with a +0 trident.
* * * LOW HITPOINT WARNING * * *
Barbed spikes become lodged in your body.
Daejau gestures at you. The lance of force hits you!!
You die...
Xom laughs nastily!

▓...©....▓...©....▓
▓▓▓▓▓▓▓▓▓▓▓▓▓▓▓▓▓▓▓
▓...ß©ß...▓..ß©ß..▓
▓..)[[)...▓..).[..▓
▓...)|=...▓..[[|..▓
▓.........▓...33..▓
▓....4....▓.......▓
▓...3&§...▓.......▓
▓..§5@.§..▓.......▓
▓.▓.....▓.▓.▓...▓.▓
▓....©....▓...©...▓
▓▓▓▓▓▓▓▓▓▓▓▓▓▓▓▓▓▓▓
▓..ß©ß..▓ ▓..|....▓
▓....)..▓ ▓.......▓
▓.......▓


You could see Daejau, a soul eater (summoned), a red devil and a white imp
(mesmerising).

Vanquished Creatures
  A draconian (D)
  A wolf spider (D)
  A yaktaur (D)
  2 jumping spiders (D)
  3 air elementals (D)
  A redback (D)
  A centaur (D)
  2 scorpions (D)
  2 crimson imps (D)
  2 quasits (D)
  An orc priest (D)
  An orc wizard (D)
  A mummy (D)
  A shadow imp (D)
  2 ufetubi (D)
  A bat zombie (D)
  2 ball python zombies (D)
25 creatures vanquished.

Vanquished Creatures (collateral kills)
  4 draconians (D)
  A yaktaur (D)
  2 wind drakes (D)
  An air elemental (D)
  A centaur (D)
9 creatures vanquished.

Grand Total: 34 creatures vanquished

Notes
Turn   | Place    | Note
-------+----------+-------------------------------------------
     0 | D        | shadowstone the Coglin Chaos Knight began the quest for the
                  | Orb.
     0 | D        | Reached XP level 1. HP: 18/18 MP: 1/1
     0 | D        | Found a blossoming altar of Fedhas.
     0 | D        | Found the +6 Majin-Bo {spellvamp, MP+6 Int+6}
     0 | D        | Found the +27 heavy crossbow "Sniper" {heavy, Acc+∞ SInv}
     0 | D        | Found the +10 dark maul {heavy}
     0 | D        | Found the +15 Maxwell's patent armour {-Cast -Tele rElec
                  | Will+ rCorr}
     0 | D        | Found the +18 shield of the Gong {Loud rN+ Will+ rCorr
                  | EV-5}
     0 | D        | Found the +16 obsidian axe {drain, demonic, Mesm ^Drain Fly
                  | SInv}
     0 | D        | Found the +7 great mace "Firestarter" {flame, immolate,
                  | rFlCloud rF++}
     0 | D        | Found the +6 shillelagh "Devastator" {shatter}
     0 | D        | Found the +11 plutonium sword {^Contam Stlth-}
     0 | D        | Found the +8 lance "Wyrmbane" {slay drac, rPois rF+ rC+
                  | AC+3}
     0 | D        | Found the +9 sword of Zonguldrok {reap}
     0 | D        | Found the +13 scythe of Curses {drain, curses, ^Drain}
     0 | D        | Found the +9 sword of Power {lifebolt}
     0 | D        | Found the +7 mace of Variability {chaos, chaos arc}
     0 | D        | Found the +11 Singing Sword {sonic wave}
     0 | D        | Found the +8 storm bow {elec, penet}
     1 | D        | Found a transporter.
     1 | D        | Found a viscous altar of Jiyva.
     1 | D        | Found an ancient bone altar of Kikubaaqudgha.
     1 | D        | Found a hazy altar of Hepliaklqana.
     1 | D        | Found a corrupted altar of Lugonu.
     1 | D        | Found an opulent altar of Gozag.
     1 | D        | Found a burning altar of Makhleb.
     2 | D        | Found a sacrificial altar of Ru.
     2 | D        | Found a shimmering blue altar of Sif Muna.
     2 | D        | Found a stormy altar of Qazlal.
     2 | D        | Found a bloodstained altar of Trog.
     2 | D        | Found an iron altar of Okawaru.
     2 | D        | Found a sparkling altar of Nemelex Xobeh.
    71 | D        | Entered arena 2.
    71 | D        | Noticed an orc priest
    71 | D        | Noticed an orc wizard
    71 | D        | Found a transporter.
    73 | D        | Killed an orc wizard
    73 | D        | Killed an orc priest
    74 | D        | Reached skill level 5 in Fighting
    74 | D        | Reached skill level 5 in Long Blades
    74 | D        | Reached skill level 1 in Dodging
    74 | D        | Reached XP level 2. HP: 27/27 MP: 2/2
    74 | D        | Reached XP level 3. HP: 33/33 MP: 3/3
   126 | D        | XOM: divination: magic mapping
   133 | D        | Entered arena 3.
   133 | D        | Found a transporter.
   137 | D        | Reached skill level 1 in Axes
   137 | D        | Reached XP level 4. HP: 40/40 MP: 4/4
   155 | D        | Entered arena 4.
   155 | D        | Found a transporter.
   157 | D        | XOM: cleaving
   159 | D        | Reached skill level 2 in Axes
   161 | D        | Reached XP level 5. HP: 47/47 MP: 5/5
   168 | D        | Got the Directory of Terra Firma
   171 | D        | Entered arena 5.
   171 | D        | Found the +3 crown of Dyrovepreva {rElec Int+2 SInv}
   171 | D        | Noticed a centaur
   171 | D        | Noticed a centaur
   171 | D        | Noticed a yaktaur
   171 | D        | Noticed a yaktaur
   171 | D        | Found a transporter.
   174 | D        | Killed a yaktaur
   174 | D        | Killed a yaktaur
   174 | D        | Killed a centaur
   175 | D        | Reached skill level 7 in Axes
   175 | D        | Reached XP level 6. HP: 60/60 MP: 6/6
   175 | D        | Reached XP level 7. HP: 65/65 MP: 7/7
   178 | D        | Reached skill level 8 in Axes
   192 | D        | Entered arena 6.
   192 | D        | Noticed a draconian
   192 | D        | Noticed a draconian
   192 | D        | Noticed a draconian
   192 | D        | Noticed a draconian
   192 | D        | Noticed a draconian
   192 | D        | Found a transporter.
   193 | D        | XOM: polymorph sun demon -> soul eater
   196 | D        | Killed a draconian
   197 | D        | Reached skill level 10 in Fighting
   197 | D        | Reached skill level 10 in Long Blades
   197 | D        | Reached skill level 9 in Axes
   197 | D        | Reached skill level 5 in Armour
   197 | D        | Reached XP level 8. HP: 67/73 MP: 8/8
   197 | D        | Killed a draconian
   198 | D        | Reached skill level 10 in Axes
   200 | D        | Killed a draconian
   201 | D        | Reached XP level 9. HP: 76/81 MP: 9/9
   202 | D        | Killed a draconian
   203 | D        | Reached skill level 11 in Axes
   203 | D        | Killed a draconian
   204 | D        | Reached skill level 12 in Axes
   204 | D        | Reached skill level 1 in Stealth
   217 | D        | Entered arena 7.
   217 | D        | Noticed a wind drake
   217 | D        | Noticed a wind drake
   217 | D        | Paralysed by an air elemental for 1 turns
   218 | D        | Found a transporter.
   220 | D        | Paralysed by an air elemental for 1 turns
   222 | D        | Reached skill level 13 in Axes
   223 | D        | Paralysed by an air elemental for 1 turns
   226 | D        | Killed a wind drake
   227 | D        | Reached skill level 5 in Shields
   227 | D        | Reached XP level 10. HP: 74/89 MP: 10/10
   246 | D        | Entered arena 8.
   246 | D        | Noticed a wolf spider
   247 | D        | Found a transporter.
   253 | D        | Reached skill level 14 in Axes
   256 | D        | Killed a wolf spider
   274 | D        | Entered arena 9.
   274 | D        | Noticed Daejau the pandemonium lord
   274 | D        | XOM: summons 4 friendly demons
   275 | D        | Found a transporter.
   277 | D        | Noticed a soul eater
   278 | D        | Noticed a smoke demon
   285 | D        | Killed from afar by Daejau the pandemonium lord

Illustrated notes

Levels and vault maps discovered:
D:        sprint_v [room_start, room_1, room_2, room_3, room_4, room_5, room_6,
          room_7, room_8, room_9, room_10, room_11, room_12, room_13, room_14,
          room_15, room_16, room_17, room_18, room_19, room_20, room_21,
          room_22, room_23, room_24, room_25, room_26, room_27]

Skill      XL: |  1  2  3  4  5  6  7  8  9 10 |
---------------+-------------------------------+-----
Fighting       | 5 6 9 10 11 12 | 12.2
Long Blades    | 5 6 9 10 11 | 11.1
Armour         | 2 3 4 5 6 |  6.6
Dodging        | 1 2 |  2.5
Axes           | 1 2 7 9 10 13 14 | 14.9
Shields        | 2 3 4 5 |  5.9
Stealth        | 1 2 |  2.2

Action                     |  1- 3 |  4- 6 |  7- 9 | 10-12 || total
---------------------------+-------+-------+-------+-------++-------
  Melee: Broad axe         |     3 |     9 |    16 |    15 ||    43
   Stab: Distracted        |       |       |     1 |       ||     1
 Armour: Plate armour      |       |     7 |    36 |    21 ||    64
  Dodge: Dodged            |       |       |       |     1 ||     1
  Block: Kite shield       |     4 |    19 |    24 |    31 ||    78

Table legend: (Time is in decaauts)
 A = Elapsed time spent in this place.
 B = Non-inter-level travel time spent in this place.
 C = Inter-level travel time spent in this place.
 D = Time resting spent in this place.
 E = Time spent auto-exploring this place.
 F = Levels seen in this place.
 G = Mean time per level.
                   A        B        C        D        E       F      G
               +--------+--------+--------+--------+--------+-----+--------+
         Total |    295 |    295 |      0 |     52 |      0 |   1 |  295.0 |
       Dungeon |    295 |    295 |      0 |     52 |      0 |   1 |  295.0 |
               +--------+--------+--------+--------+--------+-----+--------+

Top non-repeatable levels by time:
       D: 295 daAuts
